 Dungeon Crawl Stone Soup version 0.20-a0-1124-g2e29d97 (webtiles) character file.

2570 Leszczynek the Martial Artist (level 9, 0/60 HPs)
             Began as an Octopode Wanderer on May 15, 2017.
             Was an Initiate of Fedhas.
             Slain by a gnoll (9 damage)
             ... on level 8 of the Dungeon.
             The game lasted 00:32:14 (6180 turns).

Leszczynek the Martial Artist (Octopode Wanderer)   Turns: 6180, Time: 00:32:15

Health: 0/60       AC:  2    Str: 12 (13) XL:     9   Next: 57%
Magic:  9/9        EV:  8    Int: 13 (15) God:    Fedhas [......]
Gold:   301        SH:  0    Dex: 12 (14) Spells: 6/8 levels left

rFire    . . .     SeeInvis .   a - +1 dagger (elec)
rCold    . . .     Gourm    .   (no shield)
rNeg     + . .     Faith    .   (helmet restricted)
rPois    .         Spirit   .   (no amulet)
rElec    .         Reflect  .   f - ring of flight
rCorr    .         Harm     .   J - ring of positive energy
MR       .....                  (no ring)
Stlth    ++........             (no ring)
Regen    0.0/turn               (no ring)
MPRegen  0.2/turn               (no ring)
                                (no ring)
                                (no ring)

@: confused, flying, held
A: almost no armour, stealthy swim, amphibious, 8 rings, constrict 8, camouflage
1, shaggy fur 1, inhibited regeneration, strong 1, gelatinous body 1
a: Fungal Bloom, Renounce Religion


You were on level 8 of the Dungeon.
You worshipped Fedhas.
Fedhas was noncommittal.
You were not hungry.

You visited 2 branches of the dungeon, and saw 9 of its levels.
You also visited: Ossuary.

You collected 379 gold pieces.
You spent 78 gold pieces at shops.

Inventory:

Hand Weapons
 a - a +1 dagger of electrocution (weapon)
 w - a +0 quarterstaff
Missiles
 n - 8 tomahawks (quivered)
Armour
 K - a +2 shield
Jewellery
 f - a ring of flight (left tentacle)
 k - an uncursed ring of fire
 J - a ring of positive energy (right tentacle)
Wands
 m - a wand of random effects (30/48)
 q - a wand of disintegration (4/24)
 v - a wand of polymorph (16/24)
 x - a wand of confusion (24/48)
 B - a wand of polymorph (3/24)
 N - a wand of scattershot (3/9)
Scrolls
 b - 3 scrolls of teleportation
 e - a scroll of enchant armour
 g - 2 scrolls of fear {unknown}
 i - 3 scrolls of magic mapping
 o - 4 scrolls of remove curse {@r2}
 r - 4 scrolls of immolation {unknown}
 y - 3 scrolls of identify {@r1}
 z - a scroll of enchant weapon {unknown}
 A - a scroll of blinking {unknown}
 D - 3 scrolls of random uselessness {unknown}
 E - 2 scrolls of noise {unknown}
 F - a scroll of amnesia {unknown}
 L - a scroll of acquirement {unknown}
 M - a scroll of fog {unknown}
Potions
 c - 6 potions of degeneration
 h - 6 potions of curing {@q1}
 j - 5 potions of flight
 s - 2 potions of ambrosia
 u - a potion of agility {unknown}
 C - a potion of berserk rage {unknown}
 G - a potion of lignification {unknown}
 H - 3 potions of mutation {!q}
 I - a potion of resistance {unknown}
 O - a potion of heal wounds {unknown}
Books
 t - a book of Minor Magic

   Spells                             Type                      Level
   a - Magic Dart                     Conjuration                  1
   b - Blink                          Translocation                2
   c - Call Imp                       Summoning                    2
   d - Slow                           Hexes                        2
   e - Conjure Flame                  Conjuration/Fire             3
   f - Mephitic Cloud                 Conjuration/Poison/Air       3
Comestibles
 d - 6 bread rations
 l - 2 royal jellies
 p - 3 meat rations


   Skills:
 + Level 4.9 Fighting
 - Level 1.0 Short Blades
 - Level 5.0 Dodging
 - Level 3.1 Stealth
 * Level 3.2 Shields
 + Level 10.0 Unarmed Combat
   Level 2.0 Necromancy
   Level 1.0 Transmutations
 - Level 1.1 Evocations


You had 6 spell levels left.
You knew the following spells:

 Your Spells              Type           Power        Failure   Level  Hunger
B - Blink                 Tloc           N/A          43%         2    ###....


Dungeon Overview and Level Annotations

Branches:
Dungeon (8/15)             Temple (1/1) D:6
   Lair: D:8-11

Altars:
Ashenzari
Cheibriados
Dithmenos
Elyvilon
Fedhas
Gozag
Hepliaklqana
Kikubaaqudgha
Makhleb
Nemelex Xobeh
Okawaru
Qazlal
Ru
Sif Muna
Trog
Uskayaw
Vehumet
Wu Jian
Xom
Yredelemnul
Zin
The Shining One

Shops:
D:4 (([*

Annotations:
D:5 Duvessa
D:6 4+ yaks


Innate Abilities, Weirdness & Mutations

You cannot wear most types of armour.
You are very stealthy in the water. (Stealth+)
You are amphibious.
You can wear up to eight rings at the same time.
You can use your tentacles to constrict eight enemies at once.
Your skin changes colour to match your surroundings (Stealth+).
Your rubbery body absorbs attacks. (AC +1, EV +1)
You are covered in fur. (AC +1)
You do not regenerate when monsters are visible.
Your muscles are strong. (Str +2)


Message History

It was a potion of degeneration.
There was something very wrong with that liquid.
You feel weakened.
You feel dopey.
You feel clumsy. The gnoll barely misses you. The gnoll closely misses you.
The gnoll sergeant hits you with a spear!
It was a potion of ambrosia.
You are confused.
You feel invigorated.
The gnoll hits you from afar with a spear.
The gnoll hits you.
The gnoll sergeant hits you with a spear.
* * * LOW HITPOINT WARNING * * *
It was a potion of mutation.
You feel extremely strange.
Your regeneration stops near monsters.
You feel stronger. Fur sprouts all over your body.
The gnoll hits you from afar with a spear.
* * * LOW HITPOINT WARNING * * *
The gnoll hits you!
You die...
Fedhas appreciates your contribution to the ecosystem.

#.# #.# #.# #.# ###############
###.# #.............#
#...###.............# #.# ##
##....'.............# ##.#
#.D.##...#.............##........
#..+...#....gg@......##........
##.+......####g.......#........
#..+......####...#....#........
...##+............#....##.......
##.# #.................#.....###
#F. #................>#........
.S #.........#.......#.....=.. .
#..........#.......#........
#..........#....####........


You could see a gnoll sergeant and 2 gnolls.

Vanquished Creatures
  Grinder (D:5)
  Eustachio (D:5)
  A yak (D:7)
  Menkaure (D:5)
  A water moccasin (D:8)
  A black bear (D:6)
  A phantom (D:7)
  3 ice beasts
  5 ogres
  A centaur (D:5)
  A howler monkey (D:7)
  A crimson imp (D:7)
  A centaur zombie (Ossuary)
  A quasit (D:8)
  4 orc priests
  A centaur skeleton (D:6)
  3 bullfrog skeletons
  2 orc wizards (D:5)
  An iguana (D:5)
  5 worker ants
  Natasha (thrice) (D:3)
  4 mummies
  2 worker ant zombies (D:7)
  2 gnolls (D:7)
  8 adders
  A shadow imp (D:6)
  An adder skeleton (D:7)
  2 worms (D:2)
  4 dart slugs
  5 leopard geckos
  11 orcs
  9 giant cockroaches
  3 goblins
  4 kobolds
  6 quokkas
  3 ball pythons
  A ball python zombie (D:5)
  7 bats
  A goblin zombie (Ossuary)
  2 hobgoblin zombies (Ossuary)
  4 kobold zombies
  A leopard gecko zombie (D:5)
  2 orc zombies (Ossuary)
  3 rats
125 creatures vanquished.

Vanquished Creatures (others)
  An ogre (D:4)
  A scorpion (D:4)
  A hound (D:4)
  A worker ant (D:4)
  Terence (D:4)
  A gnoll (D:4)
  An adder (D:4)
  A worm (D:4)
  3 toadstools
11 creatures vanquished.

Grand Total: 136 creatures vanquished

Notes
Turn   | Place    | Note
-------+----------+-------------------------------------------
     0 | D:1      | Leszczynek the Octopode Wanderer began the quest for the Orb.
     0 | D:1      | Leszczynek set off with: a +0 quarterstaff, a scroll of teleportation, a bread ration
     0 | D:1      | Reached XP level 1. HP: 14/14 MP: 1/1
     0 | D:1      | 11/14/11 (4/4/4)
    93 | D:1      | Reached skill level 1 in Unarmed Combat
   180 | D:1      | Reached XP level 2. HP: 18/19 MP: 2/2
   372 | D:2      | Reached skill level 2 in Unarmed Combat
   509 | D:2      | Reached skill level 2 in Stealth
   509 | D:2      | Reached XP level 3. HP: 17/24 MP: 3/3
   581 | D:2      | Reached skill level 3 in Stealth
   655 | D:2      | Noticed Terence
   992 | D:3      | Noticed Natasha
   996 | D:3      | Killed Natasha
   996 | D:3      | Reached XP level 4. HP: 12/29 MP: 4/4
  1010 | D:3      | Noticed Natasha
  1018 | D:3      | Killed Natasha
  1018 | D:3      | Reached skill level 3 in Unarmed Combat
  1248 | D:3      | Reached XP level 5. HP: 24/34 MP: 5/5
  1312 | D:3      | Noticed Natasha
  1315 | D:3      | Killed Natasha
  1315 | D:3      | Reached skill level 4 in Unarmed Combat
  1425 | D:4      | Found Asisaa's Assorted Antiques.
  1442 | D:4      | Killed an ogre
  1443 | D:4      | Bought a ruby potion for 25 gold pieces
  1443 | D:4      | Bought a scroll labeled YPHO HIDDIMPA for 28 gold pieces
  1443 | D:4      | Bought a ruby potion for 25 gold pieces
  1458 | D:4      | Killed Terence
  1508 | D:4      | Found Mad Gasa's Antique Weapon Shop.
  1509 | D:4      | Found a shimmering altar of Xom.
  1517 | D:4      | runed demon blade
  1517 | D:4      | damn
  1517 | D:4      | also longbow, great sword
  1517 | D:4      | i wish i'd find more d:4 weapon shops like this one
  1816 | D:4      | Found Esoedd's Weapon Boutique.
  1825 | D:4      | Learned a level 2 spell: Blink
  1833 | D:4      | this one on the other hand sucks ass
  1852 | D:4      | Reached skill level 5 in Unarmed Combat
  1852 | D:4      | Reached XP level 6. HP: 31/39 MP: 6/6
  2176 | D:4      | HP: 7/39 [poisoned by a worker ant]
  2181 | D:4      | HP: 6/39 [poisoned by a worker ant]
  2354 | D:4      | Found a deep blue altar of Sif Muna.
  2422 | D:4      | one shop more
  2437 | D:4      | Reached skill level 6 in Unarmed Combat
  2526 | D:4      | Found Gocyvo's Antique Armour Boutique.
  2533 | D:4      | dis shield better b gud
  2562 | D:5      | Entered Level 5 of the Dungeon
  2580 | D:5      | Reached XP level 7. HP: 36/45 MP: 7/7
  2668 | D:5      | of COURSE it's harm
  2668 | D:5      | what ELSE could it be
  2674 | D:5      | Noticed Duvessa
  2691 | D:5      | rule number one: if you don't identify it, it's always harm
  2719 | D:5      | Noticed Eustachio
  2727 | D:5      | Killed Eustachio
  2727 | D:5      | Reached skill level 7 in Unarmed Combat
  2772 | D:5      | Reached skill level 8 in Unarmed Combat
  2853 | D:5      | Reached XP level 8. HP: 12/50 MP: 8/8
  2999 | D:5      | Noticed Grinder
  3162 | D:5      | Killed Grinder
  3162 | D:5      | Reached skill level 9 in Unarmed Combat
  3167 | D:5      | wow, that confusion sure lasted looooooong
  3167 | D:5      | ah, drank a potion
  3327 | D:5      | Noticed Menkaure
  3333 | D:5      | Killed Menkaure
  3641 | D:6      | Noticed a yak
  3641 | D:6      | Noticed a yak
  3641 | D:6      | Noticed a yak
  3641 | D:6      | Noticed a yak
  3685 | D:6      | Reached skill level 3 in Dodging
  3719 | D:6      | 4 rings in the game so far, 3 of which were flight
  3819 | D:6      | Found a sand-covered staircase.
  3844 | Ossuary  | Entered an ossuary
  3856 | Ossuary  | i don't recognize this one...
  4054 | Ossuary  | Reached skill level 3 in Fighting
  4151 | D:6      | nice
  4214 | D:6      | Reached skill level 4 in Dodging
  4276 | D:6      | Found a staircase to the Ecumenical Temple.
  4285 | Temple   | Entered the Ecumenical Temple
  4286 | Temple   | better late than never
  4323 | Temple   | well, what now?
  4329 | Temple   | Became a worshipper of Fedhas Madash
  4330 | Temple   | i heard fedhas is good
  4335 | Temple   | well, i should probably play him once before the tournament or sth
  4603 | D:7      | Reached XP level 9. HP: 41/57 MP: 9/9
  4835 | D:7      | Reached skill level 5 in Dodging
  4992 | D:7      | Reached skill level 4 in Fighting
  5419 | D:7      | HP: 7/59 [ogre/giant club (30)]
  5859 | D:8      | Reached skill level 2 in Shields
  5859 | D:8      | Reached skill level 10 in Unarmed Combat
  5911 | D:8      | Noticed a two-headed ogre
  5994 | D:7      | Reached skill level 3 in Shields
  6179 | D:8      | HP: 11/60 [gnoll sergeant/spear (5)]
  6180 | D:8      | Gained mutation: You do not regenerate when monsters are visible. [potion of mutation]
  6180 | D:8      | Gained mutation: Your muscles are strong. (Str +2) [potion of mutation]
  6180 | D:8      | Gained mutation: You are covered in fur. (AC +1) [potion of mutation]
  6180 | D:8      | Slain by a gnoll

Vault maps used:
D:1:      minmay_arrival_arboretum_small, corexii_corridor_pit
D:2:      st_stairs_8, uniq_terence
D:3:      grunt_decor_mini_mirrors, uniq_natasha
D:4:      lemuel_blue_sif_altar, serial_shops, nicolae_shop_trees, shop, shop,
          nicolae_shop_window_shopping, xom_confusion_cloud
D:5:      first_bread, uniq_menkaure, uniq_grinder, uniq_duvessa, uniq_eustachio
D:6:      lemuel_temple_firewalk_b, nicolae_ossuary_entry_giza
D:7:      lemuel_flamethrower_1
D:8:      hangedman_decor_peaks_small, kennysheep_kite_vault
Temple:   kilobyte_greek_temple
Ossuary:  ossuary_crypta

Skill      XL: |  1  2  3  4  5  6  7  8  9 |
---------------+----------------------------+-----
Unarmed Combat | 1 2 3 5 6 8 9 10 | 10.0
Stealth        | 2 3 |  3.1
Dodging        | 4 5 |  5.0
Fighting       | 3 4 |  4.9
Shields        | 3 |  3.2
Short Blades   | |  1.0
Necromancy     | |  2.0
Transmutations | |  1.0
Evocations     | |  1.1

Action                   |  1- 3 |  4- 6 |  7- 9 || total
-------------------------+-------+-------+-------++-------
Melee: Quarterstaff      |    44 |    65 |     6 ||   115
       Tentacles         |     8 |    11 |    33 ||    52
       Constrict         |    12 |    15 |    36 ||    63
       Punch             |     3 |     4 |    13 ||    20
       Dagger            |       |       |   206 ||   206
Throw: Tomahawk          |     1 |     4 |    31 ||    36
Invok: Fungal Bloom      |       |       |     4 ||     4
Evoke: Wand              |       |    15 |    18 ||    33
  Use: Scroll            |     5 |     1 |     4 ||    10
       Potion            |       |     1 |     4 ||     5
 Stab: Sleeping          |     6 |     3 |    10 ||    19
       Confused          |       |       |     1 ||     1
       Distracted        |       |       |     1 ||     1
  Eat: Chunk             |       |     7 |     9 ||    16
       Bread ration      |       |       |     1 ||     1
       Royal jelly       |       |       |     1 ||     1
Armor: Skin              |     3 |     4 |     4 ||    11
Dodge: Dodged            |    31 |    41 |   108 ||   180
